 Dungeon Crawl Stone Soup version 0.22.1-5-g62c59d9 (webtiles) character file.

32 sanboga the Skirmisher (level 3, 36/36 HPs)
             Began as a Gargoyle Berserker on Jan 15, 2019.
             Was a Believer of Trog.
             Quit the game on level 1 of the Dungeon.
             The game lasted 00:01:12 (751 turns).

sanboga the Skirmisher (Gargoyle Berserker)          Turns: 751, Time: 00:01:13

Health: 36/36      AC: 21    Str: 21    XL:     3   Next: 25%
Magic:  3/3        EV:  2    Int:  7    God:    Trog [**....]
Gold:   46         SH:  0    Dex: 11    Spells: 2/2 levels left

rFire    . . .     SeeInvis .   a - +0 hand axe
rCold    . . .     Gourm    .   (no shield)
rNeg     + + +     Faith    .   (armour currently unavailable)
rPois    ∞         Spirit   .   (helmet currently unavailable)
rElec    .         Reflect  .   (cloak currently unavailable)
rCorr    .         Harm     .   (gloves currently unavailable)
MR       .....     NoTele   +   (boots currently unavailable)
Stlth    +.........             (no amulet)
HPRegen  0.12/turn              g - ring of positive energy
MPRegen  0.08/turn              (no ring)

@: tree-form
A: agile 1, negative energy resistance 1, petrification resistance, no potion
heal 1, rot immunity, MP-powered wands, AC +3
a: Berserk, Trog's Hand, Renounce Religion


You were on level 1 of the Dungeon.
You worshipped Trog.
Trog was pleased with you.
You were not hungry.
You were a tree.
You visited 1 branch of the dungeon, and saw 1 of its levels.

You collected 46 gold pieces.

Inventory:

Hand Weapons
 a - a +0 hand axe (weapon)
Armour
 b - a +0 animal skin (melded)
Jewellery
 g - a ring of positive energy (left branch)
Comestibles
 c - 7 rations
 f - 2 chunks of flesh


   Skills:
 + Level 3.6 Fighting
 * Level 3.3 Axes
 + Level 2.7 Armour
 - Level 1.5 Dodging


You had 2 spell levels left.
You didn't know any spells.
Your spell library was empty.

Dungeon Overview and Level Annotations

Branches:
Dungeon (1/15)

Altars:


Innate Abilities, Weirdness & Mutations

You are resistant to torment.
((Your stone body is resilient. (AC +3)))
You are immune to poison.
You resist negative energy. (rN+)
((You are resistant to electric shocks. (rElec)))
((You can survive without breathing.))
You are immune to petrification.
You are immune to rotting.
You are agile. (Dex +2)
Potions are less effective at restoring your health.
You expend magic power (3 MP) to strengthen your wands.


Message History

No target in view!
No target in view!
You now have 34 gold pieces (gained 8).
There is a stone staircase leading down here.
Some of the chunks of flesh in your inventory have rotted away.
You now have 46 gold pieces (gained 12).
g - a copper ring Done exploring.
Done exploring.
Done exploring.
g - a ring of positive energy (left hand) It was a potion of lignification.
You turn into a tree.
Your +0 animal skin melds into your body.
Your roots penetrate the ground.
Some of the chunks of flesh in your inventory have rotted away.
It was a potion of mutation.
You feel extremely strange.
Your system partially rejects the healing effects of potions.
You feel agile.
You feel your magical essence link to your wands.
Are you sure you want to abandon this character and quit the game? (Confirm

..)......#.......†.....#
....)#...####..#.#>#.###
.....##...............#
.....#####.#####.#.#.##
.##### #.....##.......#
.# #.....###.#.#.## .#
#.....#....#..# .#
#.....#....#..# .#
#.....#..♣.#..## .####
#.....#....#...# ....#
#.....######.#.# ....#
#.....# #.#.# ....#
####### #...# ....#
##### ....# ....# ....#


There were no monsters in sight!

Vanquished Creatures
  A dart slug (D:1)
  3 leopard geckos (D:1)
  3 bats (D:1)
  A giant cockroach (D:1)
  3 goblins (D:1)
  2 hobgoblins (D:1)
  4 jackals (D:1)
  2 frilled lizards (D:1)
  3 kobolds (D:1)
  2 rats (D:1)
24 creatures vanquished.

Notes
Turn   | Place    | Note
-------+----------+-------------------------------------------
     0 | D:1      | sanboga the Gargoyle Berserker began the quest for the Orb.
     0 | D:1      | Reached XP level 1. HP: 14/14 MP: 1/1
   334 | D:1      | Reached XP level 2. HP: 19/19 MP: 2/2
   441 | D:1      | Reached XP level 3. HP: 16/23 MP: 3/3
   670 | D:1      | Reached ** piety under Trog
   750 | D:1      | Gained mutation: Potions are less effective at restoring
                  | your health. [potion of mutation]
   750 | D:1      | Gained mutation: You are agile. (Dex +2) [potion of
                  | mutation]
   750 | D:1      | Gained mutation: You expend magic power (3 MP) to
                  | strengthen your wands. [potion of mutation]
   751 | D:1      | Quit the game

Skill      XL: |  1 |
---------------+----+-----
Axes           | 3 |  3.3
Fighting       | |  3.6
Armour         | |  2.7
Dodging        | |  1.5

Action                   || total
-------------------------++-------
Melee: Hand axe          ||    70
  Use: Potion            ||     2
Armor: Animal skin       ||    31
Dodge: Dodged            ||    54
